 Dungeon Crawl Stone Soup version 0.30-a0-924-g0ad0bf95bc (webtiles) character file.

Game seed: 5789494542348590563

76 12sPaWn12 the Trooper (level 4, -1/49 HPs)
             Began as an Ogre Berserker on Mar 23, 2023.
             Was a Believer of Trog.
             Slain by a gnoll
             ... wielding a +0 halberd
              (8 damage)
             ... on level 2 of the Dungeon.
             The game lasted 00:02:33 (2190 turns).

12sPaWn12 the Trooper (Ogre Berserker)              Turns: 2190, Time: 00:02:34

Health: -1/49      AC:  3    Str: 23    XL:     4   Next: 32%
Magic:  4/4        EV: 10    Int:  8    God:    Trog [**....]
Gold:   141        SH:  0    Dex:  8    Spells: 3/3 levels left

rFire   . . .      SeeInvis .    a - +0 hand axe
rCold   . . .      Faith    .    (no shield)
rNeg    . . .      Spirit   .    b - +0 animal skin
rPois   .          Reflect  .    (helmet restricted)
rElec   .          Rampage  .    (no cloak)
rCorr   .                        (gloves unavailable)
Will    .....                    (boots unavailable)
Stlth   +                        (no amulet)
HPRegen 0.28/turn                (no ring)
MPRegen 0.09/turn                (no ring)

@: no status effects
A: large, unfitting armour, tough skin 1
a: Renounce Religion, Berserk, Trog's Hand


You were on level 2 of the Dungeon.
You worshipped Trog.
Trog was pleased with you.
You visited 1 branch of the dungeon, and saw 3 of its levels.

You collected 141 gold pieces.

Inventory:

Hand Weapons
 a - a +0 hand axe (weapon)
Missiles
 k - 4 large rocks (quivered)
Armour
 b - a +0 animal skin (worn)
Jewellery
 f - a ring of positive energy
Scrolls
 c - 6 scrolls of identify {unknown}
 d - a scroll of vulnerability {unknown}
 i - 2 scrolls of teleportation {unknown}
 j - a scroll of enchant armour {unknown}
 l - a scroll of enchant weapon {unknown}
 m - a scroll of immolation {unknown}
 o - a scroll of fear {unknown}
Potions
 e - 2 potions of might {unknown}
 g - a potion of ambrosia {unknown}
 h - a potion of brilliance {unknown}
 n - 2 potions of degeneration {unknown}


   Skills:
 * Level 4.8 Fighting
 * Level 3.9 Axes
 * Level 0.6 Armour
 * Level 3.2 Dodging


You had 3 spell levels left.
You didn't know any spells.
Your spell library was empty.

Dungeon Overview and Level Annotations

Branches:
Dungeon (3/15)

Altars:


Innate Abilities, Weirdness & Mutations

You are too large for most types of armour.
You have tough skin. (AC +1)


Message History

Found a stone staircase leading up.
A gnoll comes into view. It is wielding a +0 whip.
The gnoll shouts!
You hear a shout!
The orc priest mumbles some strange prayers to Beogh against you.
Beogh smites you!
There is a stone staircase leading up here.
You climb upwards.
There is a stone staircase leading down here.
There is a stone staircase leading down here.
You climb downwards.
The gnoll shouts!
The orc shouts!
Found 5 gold pieces.
There is a stone staircase leading up here.
The gnoll hits you with a +0 halberd!
You climb upwards.
There is a stone staircase leading down here.
You completely miss the gnoll. The gnoll closely misses you.
You hit the gnoll.
The gnoll is lightly wounded.
The gnoll barely misses you. The gnoll hits you with a +0 halberd!
You hit the gnoll but do no damage.
The gnoll is lightly wounded.
The gnoll closely misses you.
You closely miss the gnoll.
The gnoll is lightly wounded.
The gnoll hits you with a +0 halberd!
You are too injured to fight recklessly!
You are too injured to fight recklessly!
You are too injured to fight recklessly!
You hit the gnoll.
The gnoll is severely wounded.
The gnoll barely misses you.
You barely miss the gnoll.
The gnoll is severely wounded.
The gnoll hits you with a +0 halberd!
* * * LOW HITPOINT WARNING * * *
You barely miss the gnoll.
The gnoll is severely wounded.
The gnoll hits you with a +0 halberd!
You die...

.###.#.##.......####
#.# .###.#.##.......#
#.# ........#.......#
#.######
..........###...##
#......#
.####.#.......#..#
##.#####
.####.#######..#.#
#.# ......# ##.#.#
#.# .####'## #.g.####
#.#
.......#########@...#
#.#
......†........####.#
#.# ...............#
#.# #.#
...............# #.#
#.#
......#........####.#
#.#
#######........'....#
#(# #........######
#.## #........# #..#
#### #........# #..#


You could see a gnoll.

Vanquished Creatures
  2 adders (D:2)
  2 worms (D:2)
  3 bats
  11 endoplasms
  4 giant cockroaches
  6 goblins (D:1)
  2 hobgoblins (D:1)
  4 jackals
  2 quokkas (D:1)
  2 ball pythons
  5 frilled lizards
  A kobold (D:1)
  2 rats
46 creatures vanquished.

Notes
Turn   | Place    | Note
-------+----------+-------------------------------------------
     0 | D:1      | 12sPaWn12 the Ogre Berserker began the quest for the Orb.
     0 | D:1      | Reached XP level 1. HP: 24/24 MP: 1/1
   212 | D:1      | Reached XP level 2. HP: 21/32 MP: 2/2
   576 | D:1      | Reached XP level 3. HP: 34/40 MP: 3/3
  1127 | D:1      | Reached ** piety under Trog
  1446 | D:2      | Reached XP level 4. HP: 28/49 MP: 4/4
  1554 | D:2      | Found a faded altar of an unknown god.
  2190 | D:2      | Slain by a gnoll

Illustrated notes

Levels and vault maps discovered:
D:1:      zelgadis_glass_arrival_small, layout_basic, minivault_14
D:2:      layout_basic, ebering_ecumenical_altar_abandoned
D:3:      layout_rooms, nicolae_qazlal_scattered_showers,
          mainiacjoe_overflow_concentric_impassable, uniq_grinder

Skill      XL: |  1  2 |
---------------+-------+-----
Dodging        | 3 |  3.2
Fighting       | |  4.8
Axes           | |  3.9
Armour         | |  0.6

Action                     |  1- 3 |  4- 6 || total
---------------------------+-------+-------++-------
  Melee: Hand axe          |   120 |    34 ||   154
 Armour: Animal skin       |    23 |     6 ||    29
  Dodge: Dodged            |    50 |    17 ||    67

Table legend: (Time is in decaauts)
 A = Elapsed time spent in this place.
 B = Non-inter-level travel time spent in this place.
 C = Inter-level travel time spent in this place.
 D = Time resting spent in this place.
 E = Time spent auto-exploring this place.
 F = Levels seen in this place.
 G = Mean time per level.
                   A        B        C        D        E       F      G
               +--------+--------+--------+--------+--------+-----+--------+
         Total |   2209 |   2151 |     58 |      0 |   1814 |   3 |  736.3 |
       Dungeon |   2209 |   2151 |     58 |      0 |   1814 |   3 |  736.3 |
               +--------+--------+--------+--------+--------+-----+--------+

Top non-repeatable levels by time:
     D:1: 1173 daAuts
     D:2: 1030 daAuts
     D:3: 5 daAuts
